 Dungeon Crawl Stone Soup version 0.30-a0-691-g754fce4c43 (webtiles) character file.

Game seed: 11218784633437103551

644 tilp the Trooper (level 8, -1/67 HPs)
             Began as a Meteoran Fighter on Jan 19, 2023.
             Was an Initiate of Okawaru.
             Slain by a hornet (2 damage)
             ... on level 7 of the Dungeon.
             The game lasted 00:13:57 (2735 turns).

tilp the Trooper (Meteoran Fighter)                 Turns: 2735, Time: 00:13:57

Health: -1/67      AC: 20    Str: 17    XL:     8   Next: 8%
Magic:  9/9        EV:  8    Int:  9    God:    Okawaru [......]
Gold:   83         SH:  5    Dex: 14    Spells: 7/7 levels left

rFire   . . .      SeeInvis .    a - +0 long sword
rCold   . . .      Faith    .    c - +0 buckler
rNeg    . . .      Spirit   .    k - +4 chain mail of Xushruo {rPois rCorr Dex-3}
rPois   +          Reflect  .    (no helmet)
rElec   .          Harm     .    l - +2 cloak {Will+}
rCorr   +          Rampage  .    f - +2 pair of gloves
Will    ++...                    (no boots) Stlth
                                 (no amulet)
HPRegen 0.31/turn                t - ring of resist corrosion
MPRegen 0.11/turn                (no ring)

@: hasted and slowed, glowing
A: sense surroundings 1, otherworldly, glowing, explore regen
a: Renounce Religion


You were on level 7 of the Dungeon.
You worshipped Okawaru.
Okawaru was noncommittal.
You visited 2 branches of the dungeon, and saw 8 of its levels.

You collected 204 gold pieces.
You spent 121 gold pieces at shops.

Inventory:

Hand Weapons
 a - a +0 long sword (weapon)
 b - a +1 dagger of venom
Missiles
 d - a silver boomerang
 h - 6 poisoned darts (quivered)
 i - 43 stones
 q - a throwing net {!ff}
Armour
 c - a +0 buckler (worn)
 f - a +2 pair of gloves (worn)
 k - the +4 chain mail of Xushruo (worn) {rPois rCorr Dex-3}
   (You found it on level 2 of the Dungeon)

   Dex:       It affects your dexterity (-3).
   rPois:     It protects you from poison.
   rCorr:     It protects you from acid and corrosion.
 l - a +2 cloak of willpower (worn)
 w - a +0 plate armour
Jewellery
 t - a ring of resist corrosion (left hand)
Wands
 u - a wand of polymorph (12)
Scrolls
 m - a scroll of teleportation
 n - a scroll of poison
 v - a scroll of vulnerability
Potions
 e - 6 potions of heal wounds
 g - 3 potions of flight
 o - a potion of lignification
 p - a potion of ambrosia
 s - a potion of brilliance {unknown}


   Skills:
 * Level 4.8 Fighting
 + Level 4.4 Long Blades
 * Level 2.3 Throwing
 + Level 4.4 Armour
 * Level 4.6 Dodging
 + Level 2.3 Stealth
 - Level 4.0 Shields
 * Level 1.1 Invocations
 * Level 1.2 Evocations


You had 7 spell levels left.
You didn't know any spells.
Your spell library was empty.

Dungeon Overview and Level Annotations

Branches:
Dungeon (7/15) Zot: 1407   Temple (1/1) D:5 Zot: 558

Altars:
Dithmenos
Gozag
Hepliaklqana
Okawaru
Qazlal
Trog
Vehumet
The Shining One

Shops:
D:5 *

Annotations:
D:5 3 runed translucent doors, Leeroy's ghost, novice TeWr


Innate Abilities, Weirdness & Mutations

You passively map a small area around you.
You are easily found by Zot.
You glow in the dark.
You regain HP and MP as you explore.


Message History

You barely miss the hornet.
The hornet is lightly wounded.
The hornet stings you but does no damage.
The hornet stings you.
You are poisoned.
You barely miss the hornet.
The hornet is lightly wounded.
You feel sick. The hornet barely misses you.
You barely miss the hornet.
The hornet is lightly wounded.
You feel sick. You block the hornet's attack.
You miss the hornet.
The hornet is lightly wounded.
You feel sick. The hornet stings you!
* * * LOW HITPOINT WARNING * * *
You feel yourself slow down.
You completely miss the hornet.
The hornet is lightly wounded.
You feel sick. You block the hornet's attack. The hornet completely misses you.
You hit the hornet.
The hornet is moderately wounded.
You feel yourself speed up.
You feel sick. The hornet completely misses you. The hornet stings you.
* * * LOW HITPOINT WARNING * * *
You feel yourself slow down.
You hit the hornet but do no damage.
The hornet is moderately wounded.
You feel yourself speed up.
You feel sick. The hornet stings you.
* * * LOW HITPOINT WARNING * * *
You feel yourself slow down. The hornet stings you!
* * * LOW HITPOINT WARNING * * *
You hit the hornet but do no damage.
The hornet is moderately wounded.
You feel sick.
You are no longer poisoned.
You block the hornet's attack.
A jelly comes into view.
The hornet stings you.
You die...

, * ** ,, , * ,
*+#######+### ,
...[....... ,
.......>..,* , J........
, , *#.......#* #@# *
#######y####### *
,......oo≈≈≈...##
....(.oo.≈.....#####
...................###
...≈..........§§...'.#
..§≈..........≈§...#.#
.........§.§...§§..#.###
......≈≈≈≈§§...§...#....


You could see a hornet, a jelly and 4 orcs.

Vanquished Creatures
  An ice beast (D:6)
  2 necrophages
  A scorpion (D:5)
  A lava snake (D:7)
  A hound (D:5)
  2 orc priests (D:3)
  An iguana (D:3)
  3 orc wizards (D:4)
  6 adders
  A shadow imp (D:5)
  2 worms (D:3)
  2 dart slugs
  13 orcs
  A bat (D:3)
  6 endoplasms
  3 giant cockroaches
  14 hobgoblins
  A jackal (D:3)
  A quokka (D:4)
  2 ball pythons (D:3)
  3 frilled lizards
  7 goblins
  3 kobolds
  5 rats
82 creatures vanquished.

Notes
Turn   | Place    | Note
-------+----------+-------------------------------------------
     0 | D:1      | tilp the Meteoran Fighter began the quest for the Orb.
     0 | D:1      | Reached XP level 1. HP: 19/19 MP: 2/2
    34 | D:1      | Reached XP level 2. HP: 21/26 MP: 3/3
   124 | D:1      | Reached skill level 1 in Dodging
   204 | D:1      | Reached XP level 3. HP: 31/31 MP: 4/4
   288 | D:2      | Identified the +4 chain mail of Xushruo {rPois rCorr Dex-3}
   429 | D:2      | Reached XP level 4. HP: 36/38 MP: 5/5
  1008 | D:3      | Reached skill level 1 in Stealth
  1010 | D:3      | Reached XP level 5. HP: 43/46 MP: 6/6
  1044 | D:4      | Noticed a necrophage
  1062 | D:4      | Killed a necrophage
  1063 | D:4      | Reached XP level 6. HP: 47/52 MP: 7/7
  1635 | D:5      | Entered Level 5 of the Dungeon
  1658 | D:5      | Found a runed translucent gate.
  1659 | D:5      | Found a runed translucent gate.
  1659 | D:5      | Noticed Leeroy's ghost (novice TeWr)
  1660 | D:5      | Found a runed translucent gate.
  1974 | D:4      | Found a glowing golden altar of the Shining One.
  2031 | D:4      | Reached skill level 1 in Throwing
  2031 | D:4      | Reached XP level 7. HP: 51/59 MP: 8/8
  2272 | D:5      | Found Muybiyla's General Store.
  2322 | D:5      | Bought a scroll of vulnerability for 44 gold pieces
  2322 | D:5      | Bought a scroll of identify for 22 gold pieces
  2322 | D:5      | Bought a potion of heal wounds for 55 gold pieces
  2380 | D:5      | Found a staircase to the Ecumenical Temple.
  2413 | Temple   | Entered the Ecumenical Temple
  2435 | Temple   | Became a worshipper of Warmaster Okawaru
  2604 | D:6      | Reached skill level 1 in Invocations
  2604 | D:6      | Reached skill level 1 in Evocations
  2604 | D:6      | Reached XP level 8. HP: 67/67 MP: 9/9
  2687 | D:7      | HP: 2/67 [lava snake/glob of lava (14)]
  2715 | D:7      | Noticed a hornet
  2734 | D:7      | HP: 2/67 [hornet (10)]
  2735 | D:7      | Slain by a hornet

Illustrated notes

Levels and vault maps discovered:
D:1:      roderic_dead_forest, layout_basic
D:2:      kennysheep_big_flooded_room, layout_loops_ring
D:3:      minmay_razor_zed, layout_loops_ring,
          nicolae_concentric_dashed_squares_mild, dk_noncrumbling_4
D:4:      layout_loops_ring, mainiacjoe_overflow_alcove_1, tso_altar,
          grunt_ministairs_13, chequers_garden, grunt_decor_arrowhead
D:5:      layout_loops_ring, minmay_temple_entry_large_hall,
          biasface_ghost_orc_armoury, nicolae_inconvenience_store,
          eino_small_chamber_without_monster, kennysheep_boxes
D:6:      layout_loops_ring, kennysheep_generic_room_12, uniq_menkaure
D:7:      layout_basic, kennysheep_decorative_pillar, serial_bayou_lake_a
Temple:   eino_temple_water

Skill      XL: |  1  2  3  4  5  6  7 |
---------------+----------------------+-----
Dodging        | 1 2 3 4 |  4.6
Long Blades    | 3 4 |  4.4
Shields        | 4 |  4.0
Armour         | 4 |  4.4
Stealth        | 1 2 |  2.3
Fighting       | 4 |  4.8
Throwing       | 1 2 |  2.3
Invocations    | 1 |  1.1
Evocations     | 1 |  1.2

Action                   |  1- 3 |  4- 6 |  7- 9 || total
-------------------------+-------+-------+-------++-------
Melee: Long sword        |    67 |   211 |   101 ||   379
Throw: Stone             |     1 |       |       ||     1
       Dart              |       |     1 |       ||     1
  Use: Scroll            |       |     8 |     3 ||    11
       Potion            |       |     2 |     2 ||     4
Armor: Scale mail        |    16 |       |       ||    16
       Chain mail        |    13 |   141 |    72 ||   226
Dodge: Dodged            |    19 |    62 |    29 ||   110
Block: Buckler           |    14 |    49 |    26 ||    89

Table legend: (Time is in decaauts)
 A = Elapsed time spent in this place.
 B = Non-inter-level travel time spent in this place.
 C = Inter-level travel time spent in this place.
 D = Time resting spent in this place.
 E = Time spent auto-exploring this place.
 F = Levels seen in this place.
 G = Mean time per level.
                   A        B        C        D        E       F      G
               +--------+--------+--------+--------+--------+-----+--------+
         Total |   2832 |   2086 |    746 |      0 |      0 |   8 |  354.0 |
       Dungeon |   2791 |   2074 |    717 |      0 |      0 |   7 |  398.7 |
        Temple |     41 |     12 |     29 |      0 |      0 |   1 |   41.0 |
               +--------+--------+--------+--------+--------+-----+--------+

Top non-repeatable levels by time:
     D:3: 901 daAuts
     D:4: 674 daAuts
     D:5: 379 daAuts
     D:2: 376 daAuts
     D:1: 262 daAuts
     D:6: 112 daAuts
     D:7: 84 daAuts
  Temple: 41 daAuts
